| TOP OF THE 1ST |
|
University of Illinois Fighting Illini batting - Pitching for Oklahoma State University Cowboys : RHP Justin Rubino
|
|
Pitching: RHP Justin Rubino
|
|
|
Batting: SHB Dan Strickland
|
0-0: Ball 1-0: Ball 2-0: Ball 3-0: Called Strike 3-1: Base on Balls
|
|
Batting: RHB Hugo Priego
|
0-0: Called Strike 0-1: Hit by Pitch Dan Strickland to second
|
|
Batting: LHB Bill Kovac
|
0-0: Ball 1-0: Ball 2-0: Called Strike 2-1: Ball 3-1: 3-RUN HOME RUN (Flyball, 7LD, EV 95.0 MPH), Distance : 362 ft
|
|
Batting: LHB Fumito Sakurai
|
0-0: Ball 1-0: Foul Ball, location: 2F 1-1: Swinging Strike 1-2: Ball 2-2: Ball 3-2: SINGLE (Flyball, 8LS, EV 91.2 MPH)
|
|
Batting: RHB Fernando Acosta
|
0-0: Ball 1-0: Swinging Strike 1-1: SINGLE (Groundball, 56S, EV 67.5 MPH) (infield hit) Fumito Sakurai to second
|
|
Batting: SHB Ernesto Mazas
|
0-0: Foul Ball, location: 2F 0-1: Ball 1-1: Foul Ball, location: 2F 1-2: SINGLE (Line Drive, 6MD, EV 108.8 MPH) Fumito Sakurai to third Fernando Acosta to second
|
|
Batting: RHB Mustafa bin Gamali
|
0-0: Fly out, F8 (Flyball, 89D, EV 91.9 MPH) Throwing error, E8 Fumito Sakurai scores Fernando Acosta to third Ernesto Mazas to second
|
|
Batting: RHB Oscar Ramirez
|
0-0: Foul Ball, location: 2F 0-1: Ball 1-1: Foul Ball, location: 2F 1-2: Foul Ball, location: 2F 1-2: Ball 2-2: Foul Ball, location: 2F 2-2: Ball 3-2: Strikes out looking
|
|
Batting: LHB Javy Rueda
|
0-0: Ball 1-0: Swinging Strike 1-1: Ball 2-1: SINGLE (Groundball, 56D, EV 108.8 MPH) Fernando Acosta scores Ernesto Mazas to third Runner from 3rd tries for Home, SAFE, throw by LF to home Javy Rueda to second
|
|
Pitching: RHP Tahir Montazeri
|
|
|
Batting: SHB Dan Strickland
|
0-0: Ball 1-0: Called Strike 1-1: Called Strike 1-2: Ball 2-2: Ball 3-2: Ground out 5-3 (Groundball, 56, EV 87.5 MPH)
|
| Top of the 1st over - 6 runs, 5 hits, 1 error, 1 left on base; University of Illinois 6 - Oklahoma State University 0 |
| BOTTOM OF THE 1ST |
|
Oklahoma State University Cowboys batting - Pitching for University of Illinois Fighting Illini : LHP Jon Ray
|
|
Pitching: LHP Jon Ray
|
|
|
Batting: RHB Mennad Maalik
|
0-0: SINGLE (Groundball, 4M, EV 100.6 MPH) (infield hit)
|
|
Batting: RHB Settan Nakamura
|
0-0: Called Strike Mennad Maalik steals 2nd base 0-1: Ball 1-1: Ground out 5-3 (Groundball, 56S, EV 86.2 MPH)
|
|
Batting: RHB Ben Saxton
|
0-0: Ball 1-0: Called Strike 1-1: Ball 2-1: Ball 3-1: Base on Balls
|
|
Batting: RHB Masakuni Takeuchi
|
0-0: Foul Ball, location: 2F 0-1: Foul Ball, location: 2F 0-2: Ball 1-2: Foul Ball, location: 2F 1-2: DOUBLE (Line Drive, 3D, EV 95.6 MPH) Mennad Maalik scores Ben Saxton to third Runner from 3rd tries for Home, SAFE, throw by RF to trailing runner, OUT at third! 9-3-5
|
|
Batting: RHB Ji-an See-to
|
0-0: Ball 1-0: Called Strike 1-1: Swinging Strike 1-2: Ball 2-2: Foul Ball, location: 2F 2-2: Foul Ball, location: 2F 2-2: Strikes out swinging
|
| Bottom of the 1st over - 2 runs, 2 hits, 0 errors, 0 left on base; University of Illinois 6 - Oklahoma State University 2 |
| TOP OF THE 2ND |
|
University of Illinois Fighting Illini batting - Pitching for Oklahoma State University Cowboys : RHP Tahir Montazeri
|
|
Batting: RHB Hugo Priego
|
0-0: Called Strike 0-1: Called Strike 0-2: Ball 1-2: Strikes out swinging
|
|
Pitching: RHP Chris Nightingale
|
|
|
Batting: LHB Bill Kovac
|
0-0: Called Strike 0-1: Foul Ball, location: 2F 0-2: Ball 1-2: Strikes out swinging, 2-3 out at first.
|
|
Batting: LHB Fumito Sakurai
|
0-0: SINGLE (Groundball, 4MD, EV 108.8 MPH)
|
|
Batting: RHB Fernando Acosta
|
0-0: Ball 1-0: Called Strike 1-1: Swinging Strike 1-2: Ground out 4-3 (Groundball, 4, EV 108.1 MPH)
|
| Top of the 2nd over - 0 runs, 1 hit, 0 errors, 1 left on base; University of Illinois 6 - Oklahoma State University 2 |
| BOTTOM OF THE 2ND |
|
Oklahoma State University Cowboys batting - Pitching for University of Illinois Fighting Illini : LHP Jon Ray
|
|
Batting: SHB Mel Gonzalez
|
0-0: Ball 1-0: Reached on error, E4 (Groundball, 4MD, EV 79.4 MPH)
|
|
Batting: RHB Pedro Luera
|
0-0: Ball 1-0: Fly out, F9 (Line Drive, 9, EV 100.6 MPH)
|
|
Batting: LHB Vecdi Ertegun
|
0-0: Reached on error, E3 (Groundball, 3L, EV 86.2 MPH) Mel Gonzalez to second
|
|
Batting: LHB Gong Tow
|
0-0: Ball 1-0: Called Strike 1-1: Ball 2-1: Called Strike 2-2: Ball 3-2: Strikes out swinging
|
|
Batting: RHB Mennad Maalik
|
0-0: Called Strike 0-1: Foul Ball, location: 2F 0-2: Ball 1-2: Ground out U3 (Groundball, 34, EV 96.2 MPH)
|
| Bottom of the 2nd over - 0 runs, 0 hits, 2 errors, 2 left on base; University of Illinois 6 - Oklahoma State University 2 |
| TOP OF THE 3RD |
|
University of Illinois Fighting Illini batting - Pitching for Oklahoma State University Cowboys : RHP Chris Nightingale
|
|
Batting: SHB Ernesto Mazas
|
0-0: Called Strike 0-1: Ball 1-1: Foul Ball, location: 2F 1-2: Strikes out swinging
|
|
Batting: RHB Mustafa bin Gamali
|
0-0: Fly out, F7 (Line Drive, 7LM, EV 93.8 MPH)
|
|
Batting: RHB Oscar Ramirez
|
0-0: Called Strike 0-1: Ball 1-1: Foul Ball, location: 2F 1-2: Foul Ball, location: 2F 1-2: Ball 2-2: Ball 3-2: Strikes out swinging
|
| Top of the 3rd over - 0 runs, 0 hits, 0 errors, 0 left on base; University of Illinois 6 - Oklahoma State University 2 |
| BOTTOM OF THE 3RD |
|
Oklahoma State University Cowboys batting - Pitching for University of Illinois Fighting Illini : LHP Jon Ray
|
|
Batting: RHB Settan Nakamura
|
0-0: Ball 1-0: Called Strike 1-1: Called Strike 1-2: Ball 2-2: Strikes out swinging
|
|
Batting: RHB Ben Saxton
|
0-0: Ball 1-0: Swinging Strike 1-1: SINGLE (Groundball, 4MD, EV 102.5 MPH)
|
|
Batting: RHB Masakuni Takeuchi
|
0-0: Called Strike 0-1: Called Strike 0-2: Ball 1-2: Ball 2-2: Ball 3-2: Foul Ball, location: 2F 3-2: Strikes out swinging
|
|
Batting: RHB Ji-an See-to
|
0-0: Ball 1-0: Ball 2-0: Called Strike 2-1: Ball 3-1: Foul Ball, location: 2F 3-2: Fly out, F8 (Flyball, 8LD, EV 87.5 MPH)
|
| Bottom of the 3rd over - 0 runs, 1 hit, 0 errors, 1 left on base; University of Illinois 6 - Oklahoma State University 2 |
| TOP OF THE 4TH |
|
University of Illinois Fighting Illini batting - Pitching for Oklahoma State University Cowboys : RHP Chris Nightingale
|
|
Batting: LHB Javy Rueda
|
0-0: Ball 1-0: Called Strike 1-1: Foul Ball, location: 2F 1-2: Ball 2-2: Strikes out swinging
|
|
Batting: SHB Dan Strickland
|
0-0: Ball 1-0: Ball 2-0: Foul Ball, location: 2F 2-1: Swinging Strike 2-2: Ground out 6-3 (Groundball, 6M, EV 91.9 MPH)
|
|
Batting: RHB Hugo Priego
|
0-0: Ball 1-0: Foul Ball, location: 2F 1-1: Called Strike 1-2: Ball 2-2: Ball 3-2: Fly out, F7 (Line Drive, 78M, EV 92.5 MPH)
|
| Top of the 4th over - 0 runs, 0 hits, 0 errors, 0 left on base; University of Illinois 6 - Oklahoma State University 2 |
| BOTTOM OF THE 4TH |
|
Oklahoma State University Cowboys batting - Pitching for University of Illinois Fighting Illini : LHP Jon Ray
|
|
Batting: SHB Mel Gonzalez
|
0-0: Called Strike 0-1: Ball 1-1: Ground out 4-3 (Groundball, 4, EV 79.4 MPH)
|
|
Batting: RHB Pedro Luera
|
0-0: Ground out 5-3 (Groundball, 56S, EV 71.9 MPH)
|
|
Batting: LHB Vecdi Ertegun
|
0-0: Ball 1-0: Ball 2-0: Ball 3-0: Swinging Strike 3-1: Base on Balls
|
|
Batting: LHB Gong Tow
|
0-0: Called Strike 0-1: Fly out, F7 (Flyball, 7D, EV 83.8 MPH)
|
| Bottom of the 4th over - 0 runs, 0 hits, 0 errors, 1 left on base; University of Illinois 6 - Oklahoma State University 2 |
| TOP OF THE 5TH |
|
University of Illinois Fighting Illini batting - Pitching for Oklahoma State University Cowboys : RHP Chris Nightingale
|
|
Batting: LHB Bill Kovac
|
0-0: SINGLE (Line Drive, 9S, EV 94.4 MPH)
|
|
Batting: LHB Fumito Sakurai
|
0-0: Foul Ball, location: 2F 0-1: Ball 1-1: Grounds into double play, 5-4-3 (Groundball, 56, EV 93.1 MPH)
|
|
Batting: RHB Fernando Acosta
|
0-0: Ball 1-0: Ground out 6-3 (Groundball, 6, EV 98.1 MPH)
|
| Top of the 5th over - 0 runs, 1 hit, 0 errors, 0 left on base; University of Illinois 6 - Oklahoma State University 2 |
| BOTTOM OF THE 5TH |
|
Oklahoma State University Cowboys batting - Pitching for University of Illinois Fighting Illini : LHP Jon Ray
|
|
Batting: RHB Mennad Maalik
|
0-0: Ball 1-0: Ball 2-0: Ball 3-0: Base on Balls
|
|
Batting: RHB Settan Nakamura
|
0-0: Sac Bunt to 23 - play at first, batter OUT! 3-4 Mennad Maalik to second
|
|
Batting: RHB Ben Saxton
|
0-0: Called Strike 0-1: Ball 1-1: Ball 2-1: Ball 3-1: Base on Balls
|
|
Batting: RHB Masakuni Takeuchi
|
0-0: Ball 1-0: Grounds into double play, 5-4-3 (Groundball, 56, EV 81.2 MPH)
|
| Bottom of the 5th over - 0 runs, 0 hits, 0 errors, 1 left on base; University of Illinois 6 - Oklahoma State University 2 |
| TOP OF THE 6TH |
|
University of Illinois Fighting Illini batting - Pitching for Oklahoma State University Cowboys : RHP Chris Nightingale
|
|
Pitching: RHP Franck Basset
|
|
|
Batting: SHB Ernesto Mazas
|
0-0: Swinging Strike 0-1: Swinging Strike 0-2: Foul Ball, location: 2F 0-2: Strikes out looking
|
|
Batting: RHB Mustafa bin Gamali
|
0-0: Foul Ball, location: 2F 0-1: Ball 1-1: Called Strike 1-2: Foul Ball, location: 2F 1-2: Ball 2-2: DOUBLE (Line Drive, 9LS, EV 97.5 MPH)
|
|
Batting: RHB Oscar Ramirez
|
0-0: Ball 1-0: SINGLE (Line Drive, 8LS, EV 88.8 MPH) Mustafa bin Gamali to third
|
|
Batting: LHB Javy Rueda
|
0-0: SINGLE (Line Drive, 7S, EV 92.5 MPH) Mustafa bin Gamali scores Oscar Ramirez to second
|
|
Batting: SHB Dan Strickland
|
0-0: Foul Ball, location: 2F 0-1: Ball 1-1: Swinging Strike 1-2: Foul Ball, location: 2F 1-2: Ball 2-2: Strikes out swinging
|
|
Batting: RHB Hugo Priego
|
0-0: Called Strike 0-1: Foul Ball, location: 2F 0-2: Ball 1-2: Ball 2-2: Ball 3-2: Foul Ball, location: 2F 3-2: Strikes out swinging
|
| Top of the 6th over - 1 run, 3 hits, 0 errors, 2 left on base; University of Illinois 7 - Oklahoma State University 2 |
| BOTTOM OF THE 6TH |
|
Oklahoma State University Cowboys batting - Pitching for University of Illinois Fighting Illini : LHP Jon Ray
|
|
Pitching: RHP Hector Gonzalez
|
|
|
Batting: RHB Ji-an See-to
|
0-0: Swinging Strike 0-1: Ball 1-1: Called Strike 1-2: Ball 2-2: Fly out, F8 (Line Drive, 8LM, EV 87.5 MPH)
|
|
Batting: SHB Mel Gonzalez
|
0-0: Ball 1-0: Ball 2-0: Ball 3-0: Called Strike 3-1: Base on Balls
|
|
Batting: RHB Pedro Luera
|
0-0: Ball 1-0: Ball 2-0: Grounds into double play, 5-4-3 (Groundball, 56S, EV 75.6 MPH)
|
| Bottom of the 6th over - 0 runs, 0 hits, 0 errors, 0 left on base; University of Illinois 7 - Oklahoma State University 2 |
| TOP OF THE 7TH |
|
University of Illinois Fighting Illini batting - Pitching for Oklahoma State University Cowboys : RHP Franck Basset
|
|
Batting: LHB Bill Kovac
|
0-0: Ball 1-0: Called Strike 1-1: Ball 2-1: Foul Ball, location: 2F 2-2: Strikes out swinging
|
|
Batting: LHB Fumito Sakurai
|
0-0: Called Strike 0-1: Ball 1-1: Foul Ball, location: 2F 1-2: Fly out, F4 (Flyball, 4MD, EV 93.8 MPH)
|
|
Batting: RHB Fernando Acosta
|
0-0: Ball 1-0: Called Strike 1-1: Swinging Strike 1-2: Ball 2-2: Ball 3-2: Strikes out swinging
|
| Top of the 7th over - 0 runs, 0 hits, 0 errors, 0 left on base; University of Illinois 7 - Oklahoma State University 2 |
| BOTTOM OF THE 7TH |
|
Oklahoma State University Cowboys batting - Pitching for University of Illinois Fighting Illini : RHP Hector Gonzalez
|
|
Now in LF: Cody Leonard
|
|
|
Batting: LHB Vecdi Ertegun
|
0-0: Called Strike 0-1: Foul Ball, location: 2F 0-2: Strikes out swinging, 2-3 out at first.
|
|
Batting: LHB Gong Tow
|
0-0: Foul Ball, location: 2F 0-1: Foul Ball, location: 2F 0-2: Fly out, F8 (Flyball, 8RD, EV 92.5 MPH)
|
|
Batting: RHB Mennad Maalik
|
0-0: Called Strike 0-1: Ball 1-1: Called Strike 1-2: Foul Ball, location: 2F 1-2: Foul Ball, location: 2F 1-2: Foul Ball, location: 2F 1-2: Ball 2-2: Foul Ball, location: 2F 2-2: SINGLE (Groundball, 6M, EV 99.4 MPH) (infield hit)
|
|
Batting: RHB Settan Nakamura
|
0-0: Ball 1-0: Called Strike 1-1: Fly out, F7 (Flyball, 7LSF, EV 90.6 MPH)
|
| Bottom of the 7th over - 0 runs, 1 hit, 0 errors, 1 left on base; University of Illinois 7 - Oklahoma State University 2 |
| TOP OF THE 8TH |
|
University of Illinois Fighting Illini batting - Pitching for Oklahoma State University Cowboys : RHP Franck Basset
|
|
Batting: SHB Ernesto Mazas
|
0-0: Ball 1-0: Ground out 6-3 (Groundball, 6MS, EV 93.8 MPH)
|
|
Batting: RHB Mustafa bin Gamali
|
0-0: Swinging Strike 0-1: Ball 1-1: Ball 2-1: Fly out, F9 (Flyball, 9LSF, EV 76.9 MPH)
|
|
Pitching: RHP Chang-wei Quian
|
|
|
Batting: RHB Oscar Ramirez
|
0-0: Called Strike 0-1: Swinging Strike 0-2: Ball 1-2: DOUBLE (Flyball, 89D, EV 93.1 MPH)
|
|
Batting: LHB Javy Rueda
|
0-0: Called Strike 0-1: 2-RUN HOME RUN (Flyball, 9D, EV 98.1 MPH), Distance : 372 ft
|
|
Batting: SHB Dan Strickland
|
0-0: Swinging Strike 0-1: Foul Ball, location: 2F 0-2: Ball 1-2: Strikes out looking
|
| Top of the 8th over - 2 runs, 2 hits, 0 errors, 0 left on base; University of Illinois 9 - Oklahoma State University 2 |
| BOTTOM OF THE 8TH |
|
Oklahoma State University Cowboys batting - Pitching for University of Illinois Fighting Illini : RHP Hector Gonzalez
|
|
Now at 1B: Clint Hanninen
|
|
|
Batting: RHB Ben Saxton
|
0-0: Called Strike 0-1: Ball 1-1: Swinging Strike 1-2: Foul Ball, location: 2F 1-2: Strikes out swinging
|
|
Batting: RHB Masakuni Takeuchi
|
0-0: Ball 1-0: Ball 2-0: Ball 3-0: Base on Balls
|
|
Pitching: RHP Roger Whitaker
|
|
|
Batting: RHB Ji-an See-to
|
0-0: 2-RUN HOME RUN (Flyball, 7D, EV 96.9 MPH), Distance : 381 ft
|
|
Batting: SHB Mel Gonzalez
|
0-0: Swinging Strike 0-1: Ball 1-1: Ball 2-1: Ball 3-1: Fly out, F8 (Flyball, 8LS, EV 83.1 MPH)
|
|
Pinch Hitting: RHB Ivan Torres
|
0-0: Called Strike 0-1: SINGLE (Groundball, 6, EV 105.0 MPH)
|
|
Batting: LHB Vecdi Ertegun
|
0-0: Ball 1-0: Ground out U3 (Groundball, 3, EV 100.0 MPH)
|
| Bottom of the 8th over - 2 runs, 2 hits, 0 errors, 1 left on base; University of Illinois 9 - Oklahoma State University 4 |
| TOP OF THE 9TH |
|
University of Illinois Fighting Illini batting - Pitching for Oklahoma State University Cowboys : RHP Chang-wei Quian
|
|
Now at SS: Ivan Torres
|
|
|
Batting: LHB Alex Rivera
|
0-0: Ball 1-0: Foul Ball, location: 2F 1-1: Ball 2-1: Foul Ball, location: 2F 2-2: Ground out 5-3 (Groundball, 56, EV 104.4 MPH)
|
|
Batting: RHB Cody Leonard
|
0-0: Ball 1-0: Fly out, F8 (Flyball, 8LXD, EV 103.8 MPH)
|
|
Batting: LHB Fumito Sakurai
|
0-0: Ball 1-0: Swinging Strike 1-1: Ball 2-1: Called Strike 2-2: Strikes out swinging
|
| Top of the 9th over - 0 runs, 0 hits, 0 errors, 0 left on base; University of Illinois 9 - Oklahoma State University 4 |
| BOTTOM OF THE 9TH |
|
Oklahoma State University Cowboys batting - Pitching for University of Illinois Fighting Illini : RHP Roger Whitaker
|
|
Pinch Hitting: RHB Armando Moreno
|
0-0: Ball 1-0: Ball 2-0: Fly out, F7 (Flyball, 78S, EV 74.4 MPH)
|
|
Batting: RHB Mennad Maalik
|
0-0: Called Strike 0-1: Foul Ball, location: 2F 0-2: Ground out 6-3 (Groundball, 6, EV 89.4 MPH)
|
|
Pinch Hitting: RHB Oscar Hernandez
|
0-0: Ball 1-0: Called Strike 1-1: Foul Ball, location: 2F 1-2: Ball 2-2: Ball 3-2: Strikes out looking
|
| Bottom of the 9th over - 0 runs, 0 hits, 0 errors, 0 left on base; University of Illinois 9 - Oklahoma State University 4 |
|